 Dungeon Crawl Stone Soup version 0.14-a0-2162-g062a2ce (webtiles) character file.

412 Kae the Firebug (level 5, -2/28 HPs)
             Began as a Tengu Fire Elementalist on Jan 28, 2014.
             Slain by Menkaure (24 damage)
             ... on Level 4 of the Dungeon.
             The game lasted 00:05:32 (3972 turns).

Kae the Firebug (Tengu Fire Elementalist)           Turns: 3972, Time: 00:05:32

HP  -2/28        AC  2     Str 13      XL: 5   Next: 44%
MP  11/11        EV 12     Int 17      God:
Gold 249         SH  0     Dex 14      Spells:  1 memorised,  8 levels left

rFire  . . .     SeeInvis .     u - +1,+3 spear
rCold  . . .     Clarity  .     a - +0 robe
rNeg   . . .     Conserve .     (no shield)
rPois  .         rCorr    .     (helmet restricted)
rElec  .         rRot     .     (no cloak)
SustAb . .       Spirit   .     (no gloves)
rMut   .         Warding  .     (boots unavailable)
Saprov . . .     Stasis   .     (no amulet)
MR     .....                    n - +1 ring of strength
                                g - +4 ring of strength

@: invisible, very slightly contaminated, not resistant to hostile enchantments,
fairly stealthy
A: able to fly, beak, talons 3
a: Fly


You were on level 4 of the Dungeon.
You were very hungry.

You visited 1 branch of the dungeon, and saw 4 of its levels.

You collected 249 gold pieces.

Inventory:

Hand weapons
 u - a +1,+3 spear (weapon)
Missiles
 e - 6 poisoned tomahawks (quivered)
 t - 4 tomahawks
Armour
 a - a +0 robe (worn)
Comestibles
 c - 3 bread rations
 f - a snozzcumber
 h - 2 chokos
 j - an orange
 m - a pear
Scrolls
 i - a scroll of teleportation {unknown}
 k - a scroll of curse armour {unknown}
 o - 2 scrolls of fear {unknown}
 p - 3 scrolls of identify
 r - a scroll of enchant armour {unknown}
Jewellery
 g - a +4 ring of strength (left hand)
 l - an uncursed ring of see invisible
 n - a +1 ring of strength (right hand)
Books
 b - a book of Flames

   Spells                             Type                      Level
   *Flame Tongue                      Conjuration/Fire             1
   Throw Flame                        Conjuration/Fire             2
   Conjure Flame                      Conjuration/Fire             3
   Inner Flame                        Hexes/Fire                   3
   Sticky Flame                       Conjuration/Fire             4
   Fireball                           Conjuration/Fire             5


   Skills:
 - Level 2.1 Dodging
 - Level 2.0 Stealth
 + Level 2.7 Spellcasting
 * Level 4.2 Conjurations
 * Level 5.0 Fire Magic


You had 8 spell levels left.
You knew the following spells:

 Your Spells              Type           Power        Failure   Level  Hunger
a - Flame Tongue          Conj/Fire      ###..        2%          1    #......


Dungeon Overview and Level Annotations

Branches:
Dungeon (4/16)
 Temple: D:4-7

Altars:
Dithmengos
Fedhas
Nemelex Xobeh
Yredelemnul

Annotations:
D:4 Menkaure


Innate Abilities, Weirdness & Mutations

You can fly.
You have a beak for a mouth.
You have claws for feet.


Message History

* * * LOW HITPOINT WARNING * * *
Unknown command.
Read which item? (? for menu, Esc to quit)
Okay, then.
Drink which item? (? for menu, Esc to quit)
You feel better.
Menkaure calls on the powers of darkness!
Your body is wracked with pain!
* * * LOW HITPOINT WARNING * * *
Drink which item? (? for menu, Esc to quit)
You feel better.
Drink which item? (? for menu, Esc to quit)
You feel better. Menkaure hits you!
* * * LOW HITPOINT WARNING * * *
Drink which item? (? for menu, Esc to quit)
You feel better. Menkaure hits you.
Drink which item? (? for menu, Esc to quit)
You feel better. Menkaure hits you!
Ouch! That really hurt!
You die...

## .. #.
#. #.
#M####
#.@..#
####.#
#.# #.#
#.# #.# .
### #.#
....) ..#
#.# #....
#.#####.#


You could see Menkaure.

Vanquished Creatures
  A scorpion (D:3)
  3 adders (D:3)
  A giant mite (D:1)
  An inept feature mimic (D:3)
  3 worms (D:3)
  An adder skeleton (D:3)
  2 oozes
  An orc (D:4)
  3 ball pythons
  5 bats
  3 giant cockroaches
  12 goblins
  10 hobgoblins
  6 jackals
  A quokka (D:2)
  2 giant geckos
  2 giant newts
  8 kobolds
  5 rats
70 creatures vanquished.

Notes
Turn   | Place    | Note
--------------------------------------------------------------
     0 | D:1      | Kae, the Tengu Fire Elementalist, began the quest for the Orb.
     0 | D:1      | Reached XP level 1. HP: 10/10 MP: 3/3
   447 | D:1      | Reached XP level 2. HP: 15/15 MP: 1/5
   831 | D:1      | Reached XP level 3. HP: 1/19 MP: 2/7
  1127 | D:1      | Reached skill level 4 in Fire Magic
  1750 | D:2      | Found a blossoming altar of Fedhas.
  1906 | D:2      | Found a shadowy altar of Dithmengos.
  2292 | D:3      | Reached XP level 4. HP: 22/24 MP: 2/9
  2779 | D:3      | Reached XP level 5. HP: 9/28 MP: 2/11
  3077 | D:3      | Found a sparkling altar of Nemelex Xobeh.
  3336 | D:3      | Found a basalt altar of Yredelemnul.
  3825 | D:4      | Reached skill level 5 in Fire Magic
  3964 | D:4      | Noticed Menkaure
  3972 | D:4      | Slain by Menkaure

Action                   |  1- 3 |  4- 6 || total
-------------------------+-------+-------++-------
Melee: Unarmed           |    80 |    63 ||   143
       Spear             |       |     1 ||     1
 Cast: Flame Tongue      |    46 |    65 ||   111
  Use: Scroll            |     6 |       ||     6
       Potion            |       |     8 ||     8
 Stab: Sleeping          |     1 |       ||     1
